 Seeded DCSS version 0.30.0-18-gc0e69614cb (webtiles) character file.

Game seed: 5347910883644396414 (custom seed)

45 CInkIbrahim the Chopper (level 3, 29/29 HPs)
             Began as a Demonspawn Fighter on May 24, 2023.
             Quit the game on level 5 of the Dungeon.
             The game lasted 00:01:31 (1781 turns).

CInkIbrahim the Chopper (Demonspawn Fighter)        Turns: 1781, Time: 00:01:31

Health: 29/29      AC:  7    Str: 18    XL:     3   Next: 42%
Magic:  3/3        EV: 19    Int:  9    God:
Gold:   91         SH:  0    Dex: 12    Spells: 2/2 levels left

rFire   . . .        a - +0 war axe
rCold   . . .        (no shield)
rNeg    . . .        u - +0 scale mail
rPois   .            n - +0 helmet
rElec   .            (no cloak)
rCorr   .            (no gloves)
SInv    .            (no boots)
Will    .....        (no amulet) Stlth
                     g - +5 ring of evasion
HPRegen 0.24/turn    r - +5 ring of evasion
MPRegen 0.08/turn

%: no passive effects
@: no status effects
A: demonic touch 1
a: no special abilities


You were on level 5 of the Dungeon.
You visited 1 branch of the dungeon, and saw 4 of its levels.

You collected 91 gold pieces.

Inventory:

Hand Weapons
 a - a +0 war axe (weapon)
 b - a +1 flail of pain
 f - the +4 consecrated labrys {holy, Valiant Fragile Fly SInv}
   (You found it on level 5 of the Dungeon)

   Valiant:   It becomes more powerful as more dangerous foes come into view.
   SInv:      It lets you see invisible.
   Fly:       It grants you flight.
   Fragile:   It will be destroyed if unequipped.
Missiles
 m - 10 poisoned darts (quivered)
Armour
 c - a +0 buckler
 n - a +0 helmet (worn)
 u - a +0 scale mail (worn)
Jewellery
 g - a +5 ring of evasion (left hand)
 r - a +5 ring of evasion (right hand)
 s - the ring of Hozustrel {*Corrode rElec rN+ Will++ MP+9}
   (You found it on level 2 of the Dungeon)

   [ring of magical power]

   rElec:     It insulates you from electricity.
   rN:        It protects you from negative energy.
   MP:        It affects your magic capacity (+9).
   *Corrode:  It may corrode you when you take damage.
   Will:      It greatly increases your willpower.
Wands
 t - a wand of iceblast (13)
Scrolls
 e - a scroll of magic mapping {unknown}
 i - a scroll of vulnerability {unknown}
 j - a scroll of amnesia {unknown}
 l - a scroll of teleportation {unknown}
 p - a scroll of noise {unknown}
Potions
 d - a potion of might
 h - 2 potions of curing
 k - a potion of haste
 o - a potion of berserk rage
 q - a potion of flight


   Skills:
 - Level 3.0 Fighting
 + Level 3.5 Axes
 - Level 2.6 Armour
 - Level 2.6 Shields


You had 2 spell levels left.
You didn't know any spells.
Your spell library contained the following spells:

 Spells                   Type           Power      Damage    Failure   Level
 Apportation              Tloc           0%         N/A       78%         1
 Necrotise                Necr           0%         1d4       78%         1
 Summon Small Mammal      Summ           0%         N/A       78%         1


Dungeon Overview and Level Annotations

Branches:
Dungeon (3/15)

Altars:
Fedhas
Okawaru


Innate Abilities, Weirdness & Mutations

Your touch may inflict minor irresistible damage on your foes.


Message History

r - a +5 ring of evasion (right hand)
As you read the scroll labelled WATODE WUTET, it crumbles to dust.
It is a scroll of identify.
o - a potion of berserk rage
As you read the scroll of identify, it crumbles to dust.
q - a potion of flight
As you read the scroll of identify, it crumbles to dust.
k - a potion of haste
As you read the scroll of identify, it crumbles to dust.
h - 2 potions of curing
Okay, then.
Cleave: a) +0 war axe
Press: ? - help, Dir - move target, f - you
Okay, then.
Done exploring.
No target in view!
(D) Dungeon
Where to? (Enter - D:2 @ (x,y), ? - help)
There is a stone staircase leading down here.
You climb downwards.
Found 18 gold pieces.
There is a stone staircase leading up here.
Found an escape hatch in the ceiling.
No target in view!
Found a blossoming altar of Fedhas.
No target in view!
Found a stone staircase leading up.
No target in view!
You now have 91 gold pieces (gained 18).
Found a spear.
No target in view!
A sourceless malevolence fills the Dungeon...
You fall into a shaft and drop 2 floors!
The shaft crumbles and collapses.
Found five items.
Found an iron altar of Okawaru.
You see here a +0 mace.
There is an iron altar of Okawaru here.
You see here the +4 consecrated labrys {holy, Valiant Fragile Fly SInv}.
f - the +4 consecrated labrys {holy, Valiant Fragile Fly SInv} Are you sure you want to abandon this character and quit the game? (Confirm with "yes".)

....... .......
#. ....... ##..
....... ##[..
.......
##...###.......
#..............
# #.).@.# #.
#.._..#
#..#.).).#..
#............
##...###.....#
##... ..#.##
##... .##.#
####... # ###


There were no monsters in sight!

Vanquished Creatures
  An adder (D:2)
  A dart slug (D:1)
  A ball python (D:2)
  3 endoplasms
  A giant cockroach (D:2)
  3 hobgoblins
  5 kobolds
  2 quokkas (D:1)
  4 bats
  4 frilled lizards
  3 goblins
  5 rats
33 creatures vanquished.

Notes
Turn   | Place    | Note
-------+----------+-------------------------------------------
     0 | D:1      | CInkIbrahim the Demonspawn Fighter began the quest for the
                  | Orb.
     0 | D:1      | Reached XP level 1. HP: 18/18 MP: 1/1
   450 | D:1      | Gained mutation: Your touch may inflict minor irresistible
                  | damage on your foes. [demonic ancestry]
   450 | D:1      | Reached XP level 2. HP: 19/24 MP: 2/2
  1186 | D:2      | Reached XP level 3. HP: 29/29 MP: 3/3
  1547 | D:2      | Identified the ring of Hozustrel {*Corrode rElec rN+ Will++
                  | MP+9}
  1769 | D:3      | Found a blossoming altar of Fedhas.
  1776 | D:3      | You fall into a shaft and drop 2 floors!
  1776 | D:5      | Entered Level 5 of the Dungeon
  1776 | D:5      | Found the +4 consecrated labrys {holy, Valiant Fragile Fly
                  | SInv}
  1776 | D:5      | Found an iron altar of Okawaru.
  1781 | D:5      | Quit the game

Illustrated notes

Levels and vault maps discovered:
D:1:      dpeg_arrival_another_circle, layout_basic, serial_glass,
          glass_columns_b, glass_columns_a, item_on_display_a,
          minmay_strange_pillars
D:2:      layout_loops_ring, wander_ebering_terrifying_dragon_lair
D:3:      layout_rooms, fedhas_altar_1, mainiacjoe_overflow_brackets,
          tso_metal_star, serial_shops, nicolae_shop_rolling_square,
          lightli_corner_chamber, uniq_grinder
D:5:      layout_rooms, okawaru_ov_weapons_minmay,
          nicolae_dithmenos_shadow_blocks, dancing_weapons_uskayaw,
          chequers_serial_rivers_micro_c, roderic_batcave,
          uniq_crazy_yiuf_cottage

Skill      XL: |  1  2 |
---------------+-------+-----
Axes           | 2 3 |  3.5
Fighting       | |  3.0
Armour         | |  2.6
Shields        | |  2.6

Action                     || total
---------------------------++-------
  Melee: War axe           ||    84
         Touch             ||     6
         Punch             ||     1
    Use: Scroll            ||     4
 Armour: Scale mail        ||    33
  Dodge: Dodged            ||    55
  Block: Buckler           ||     9
